Map: Backwater LE

Players

Hurricane - Winner!

  • Race: Protoss Protoss
  • League: Master
  • Spawn Location: 5:00

Leenock

  • Race: Zerg Zerg
  • League: Grandmaster
  • Spawn Location: 11:00

Event: Memes & Dreams Invitational

VOD

Have the link to the VOD?

Description

Time

  • Played on: April 15, 2018, 2:50 a.m.
  • Length: 9:32

All games in this series

Show
View Real Time Build Order
Export as new Build Order

Hurricane Protoss - Winner!

Build Orders: 1 Gate Expand, Oracle Opening, Archon Immortal, Zealot Archon 

Get SALT Encoding   

  12  0:00  Probe  
  13  0:13  Probe  
  14  0:19  Pylon  
  14  0:25  Probe (Chrono Boost)  
  15  0:37  Probe (Chrono Boost)  
  15  0:38  Gateway  
  16  0:46  Probe (Chrono Boost)  
  16  0:49  Assimilator  
  17  0:51  Probe  
  18  1:03  Probe  
  19  1:15  Probe  
  20  1:25  Nexus  
  20  1:34  Cybernetics Core  
  20  1:38  Probe  
  21  1:43  Assimilator  
  21  1:50  Probe  
  22  1:54  Pylon  
  22  2:00  Pylon  
  22  2:03  Probe  
  23  2:10  Adept (Chrono Boost)  
  26  2:15  Probe  
  26  2:18  Stargate  
  26  2:29  Probe (Chrono Boost), Warp Gate  
  27  2:31  Adept (Chrono Boost)  
  30  2:37  Probe (Chrono Boost)  
  31  2:45  Probe (Chrono Boost)  
  31  2:46  Probe (Chrono Boost)  
  31  2:49  Adept  
  34  2:51  Probe (Chrono Boost)  
  34  2:52  Probe  
  36  3:03  Probe, Oracle (Chrono Boost)  
  36  3:05  Probe  
  41  3:15  Probe  
  41  3:19  Gateway  
  42  3:21  Probe  
  42  3:23  Pylon  
  43  3:27  Probe  
  44  3:36  Probe  
  44  3:40  Oracle  
  44  3:41  Probe  
  47  3:48  Probe  
  47  3:50  Pylon  
  47  3:53  Probe  
  49  3:56  Nexus  
  49  4:00  Probe  
  48  4:08  Gateway  
  48  4:13  Probe x2, Robotics Facility  
  50  4:28  Probe x2  
  50  4:30  Assimilator x2, Twilight Council  
  52  4:33  Pylon  
  52  4:40  Probe  
  52  4:42  Stalker  
  52  4:44  Probe  
  58  4:52  Probe, Gateway  
  57  4:54  Forge  
  57  4:56  Probe, Warp Prism (Chrono Boost)  
  57  4:57  Charge  
  61  5:07  Probe (Chrono Boost)  
  61  5:08  Templar Archives  
  61  5:10  Probe (Chrono Boost)  
  63  5:15  Probe (Chrono Boost)  
  63  5:19  Probe (Chrono Boost)  
  63  5:20  Probe (Chrono Boost)  
  65  5:23  Probe (Chrono Boost)  
  65  5:24  Protoss Ground Weapons Level 1 (Chrono Boost)  
  65  5:27  Observer  
  68  5:28  Probe  
  68  5:33  Gateway  
  68  5:35  Gateway  
  68  5:39  Probe x2  
  68  5:41  Pylon, Gateway  
  70  5:45  Gateway  
  70  5:49  Zealot x3  
  76  5:52  Zealot  
  78  5:58  Probe x3  
  78  6:00  Assimilator  
  78  6:02  Psionic Storm  
  78  6:04  Assimilator  
  79  6:12  Immortal  
  79  6:13  Probe  
  79  6:15  Probe  
  79  6:16  Probe  
  86  6:18  Pylon  
  86  6:28  Zealot, High Templar x2  
  86  6:32  Pylon  
  92  6:33  Pylon  
  92  6:34  Archon  
  92  6:42  Zealot x4  
  100  6:48  Pylon x2  
  100  6:55  Immortal  
  100  6:56  Probe x2  
  106  7:10  High Templar x4  
  106  7:11  Protoss Ground Weapons Level 2 (Chrono Boost), Zealot x4  
  106  7:15  Nexus  
  122  7:18  Pylon  
  122  7:27  Probe x2  
  121  7:33  Zealot x4  
  121  7:36  Immortal (Chrono Boost)  
  133  7:43  Gateway x2  
  133  7:46  Sentry, High Templar x2  
  133  7:50  Archon  
  134  8:00  Zealot x3  
  134  8:05  Pylon  
  140  8:06  Robotics Facility  
  140  8:07  Observer (Chrono Boost)  
  141  8:15  Pylon  
  141  8:17  Pylon  
  141  8:20  Pylon  
  141  8:21  Probe x2  
  141  8:22  Photon Cannon  
  141  8:23  Probe, Photon Cannon  
  141  8:26  Observer (Chrono Boost)  
  143  8:31  Zealot x4  
  143  8:33  Probe  
  152  8:41  Assimilator  
  152  8:42  Assimilator  
  152  8:43  Immortal  
  152  8:44  Photon Cannon  
  152  8:46  Pylon  
  156  8:55  Zealot x5  
  166  8:59  Zealot x2  
  170  9:07  Zealot  
  138  9:21  Zealot x7  
Show
View Real Time Build Order
Export as new Build Order

Leenock Zerg 

Build Orders: Hatch First, Lurkers 

Get SALT Encoding   

  12  0:00  Drone  
  13  0:12  Overlord  
  13  0:16  Drone  
  14  0:30  Drone x2  
  14  0:34  Drone  
  17  0:52  Drone  
  18  0:58  Drone  
  18  0:59  Hatchery  
  18  1:04  Extractor  
  17  1:12  Spawning Pool  
  17  1:16  Drone  
  17  1:18  Drone  
  18  1:28  Drone  
  19  1:40  Drone  
  20  2:00  Zergling x4  
  22  2:07  Metabolic Boost  
  22  2:11  Overlord, Queen x2  
  22  2:12  Drone  
  27  2:29  Hatchery  
  26  2:35  Drone x2  
  28  2:40  Zergling x2  
  28  2:41  Zergling x2  
  30  2:47  Drone  
  31  2:53  Queen  
  33  2:58  Overlord  
  32  3:07  Lair  
  32  3:09  Drone  
  32  3:12  Drone  
  34  3:16  Drone  
  34  3:19  Drone  
  36  3:28  Spore Crawler  
  34  3:40  Drone x4  
  37  3:42  Spore Crawler  
  37  3:45  Spore Crawler  
  34  3:51  Spore Crawler  
  34  3:53  Drone  
  34  3:54  Drone x5  
  41  4:04  Overlord  
  41  4:05  Drone  
  41  4:07  Drone  
  42  4:11  Drone x2  
  42  4:13  Drone  
  42  4:15  Drone  
  46  4:20  Spore Crawler  
  46  4:23  Drone x2  
  44  4:28  Drone  
  44  4:29  Drone  
  44  4:30  Drone  
  46  4:33  Drone  
  46  4:37  Hydralisk Den  
  46  4:40  Drone x2  
  46  4:43  Drone x3  
  51  4:47  Overlord  
  51  4:48  Drone  
  51  4:50  Drone  
  51  4:52  Drone  
  54  4:53  Overlord  
  54  4:56  Overseer  
  54  4:59  Overlord  
  54  5:02  Extractor  
  54  5:03  Extractor  
  54  5:04  Extractor  
  54  5:06  Grooved Spines  
  51  5:10  Drone x2  
  51  5:13  Drone x2  
  55  5:15  Drone x3  
  55  5:16  Drone  
  55  5:19  Hydralisk x2  
  63  5:23  Hydralisk  
  65  5:29  Drone x2  
  65  5:32  Drone  
  65  5:33  Drone  
  65  5:35  Overlord  
  69  5:36  Overlord  
  69  5:38  Overlord  
  69  5:40  Extractor  
  68  5:44  Overlord  
  68  5:45  Overseer  
  68  5:50  Lurker Den  
  68  5:53  Extractor  
  68  5:54  Drone  
  68  5:55  Drone x3  
  70  5:58  Drone  
  71  6:07  Hydralisk x3  
  77  6:13  Hydralisk x2  
  82  6:18  Drone x3  
  82  6:19  Hydralisk  
  82  6:20  Drone x2  
  82  6:22  Drone  
  82  6:23  Drone  
  82  6:24  Overlord  
  90  6:25  Drone  
  90  6:30  Hydralisk x2  
  95  6:33  Muscular Augments  
  95  6:36  Overlord  
  95  6:39  Overlord  
  95  6:50  Hydralisk  
  95  6:51  Zergling x2  
  95  6:53  Overlord  
  98  6:55  Hydralisk x4  
  105  7:12  Zergling x22  
  116  7:17  Lurker x3  
  120  7:22  Lurker  
  120  7:24  Zergling x2  
  121  7:30  Zergling x2  
  121  7:31  Overlord  
  121  7:32  Overlord x4  
  114  7:56  Lurker x5  
  114  7:57  Zergling x18, Lurker  
  114  7:58  Zergling x4  
  127  8:04  Hydralisk x2  
  132  8:08  Hydralisk  
  134  8:13  Evolution Chamber  
  134  8:15  Hatchery  
  134  8:18  Hydralisk  
  134  8:19  Hydralisk x2  
  138  8:20  Zergling x10  
  138  8:23  Zergling x6  
  146  8:32  Nydus Network  
  145  8:36  Overlord x3  
  145  8:51  Lurker  
  145  8:52  Lurker  
  140  9:08  Hydralisk x4  
  140  9:09  Zergling x4  
  139  9:10  Drone x6, Zergling x2  
  139  9:11  Drone x2  
Tags
 
Add a new tag
Caveats
  • Supply blocks, unpowered buildings, or Contaminate may cause inaccurate times.
  • Supply counts are checked every 10 seconds.